 Dungeon Crawl Stone Soup version 0.20.1-1-g8b1a95d (webtiles) character file.

219 ScottishVillain the Sneak (level 5, -8/37 HPs)
             Began as a Draconian Wanderer on Dec 29, 2017.
             Was an Initiate of Nemelex Xobeh.
             Mangled by an ogre
             ... wielding a +0 giant spiked club
             ... created by the fury of Okawaru
              (20 damage)
             ... on level 4 of the Dungeon.
             The game lasted 00:38:15 (3998 turns).

ScottishVillain the Sneak (Draconian Wanderer)      Turns: 3998, Time: 00:38:17

Health: -8/37      AC:  5    Str: 12    XL:     5   Next: 63%
Magic:  9/9        EV: 12    Int: 12    God:    Nemelex Xobeh [......]
Gold:   197        SH:  0    Dex: 14    Spells: 9/9 levels left

rFire    . . .     SeeInvis .   m - +1 spear (pain)
rCold    . . .     Gourm    .   (no shield)
rNeg     . . .     Faith    .   (armour unavailable)
rPois    .         Spirit   .   (helmet restricted)
rElec    .         Reflect  .   (no cloak)
rCorr    .         Harm     .   (no gloves)
MR       .....     Clarity  +   (no boots)
Stlth    ++........             (no amulet)
Regen    0.2/turn               (no ring)
MPRegen  0.2/turn               (no ring)

@: no status effects
A: unfitting armour, clarity, frail 1, cold-blooded, AC +5
a: Renounce Religion


You were on level 4 of the Dungeon.
You worshipped Nemelex Xobeh.
Nemelex Xobeh was noncommittal.
You were not hungry.

You visited 2 branches of the dungeon, and saw 5 of its levels.

You collected 197 gold pieces.

Inventory:

Hand Weapons
 b - a +0 spear
 d - a +0 dagger
 e - a +0 hunting sling
 i - a +2 dagger of protection
 m - a +1 spear of pain (weapon)
 p - a +2 battleaxe of flaming
 s - the cursed +2 spear of the Trees {venom, Str-2 Dex+2 Stlth+, unknown}
   (You found it on level 4 of the Dungeon)

   It poisons the flesh of those it strikes.
   It affects your strength (-2).
   It affects your dexterity (+2).
   It makes you more stealthy.
   It has a curse placed upon it.
Missiles
 j - 44 bolts
 k - 23 stones (quivered)
 q - 46 arrows
Wands
 l - a wand of polymorph (16/24)
Scrolls
 g - a scroll of remove curse
 h - a scroll of magic mapping {unknown}
 o - a scroll of recharging
 r - 2 scrolls of enchant armour
 t - a scroll of identify
Potions
 c - 2 potions of lignification
Books
 a - a Young Poisoner's Handbook

   Spells                             Type                      Level
   a - Sting                          Conjuration/Poison           1
   b - Poisonous Vapours              Poison/Air                   2
   c - Mephitic Cloud                 Conjuration/Poison/Air       3
   d - Olgreb's Toxic Radiance        Poison                       4
   e - Venom Bolt                     Conjuration/Poison           5
Miscellaneous
 u - a plain deck of escape
Comestibles
 f - 5 bread rations
 n - 2 fruits


   Skills:
 + Level 2.4 Fighting
 + Level 0.6 Short Blades
 + Level 1.8 Polearms
 + Level 1.2 Slings
 + Level 0.1(0.7) Throwing
 + Level 1.9 Dodging
 + Level 3.8 Stealth
   Level 1.0 Shields
 + Level 0.8 Unarmed Combat
 + Level 2.9 Spellcasting
   Level 1.0 Conjurations
   Level 1.3 Poison Magic


You had 9 spell levels left.
You didn't know any spells.

Dungeon Overview and Level Annotations

Branches:
Dungeon (4/15)             Temple (1/1) D:4

Altars:
Cheibriados
Dithmenos
Fedhas
Gozag
Hepliaklqana
Makhleb
Nemelex Xobeh
Okawaru
Vehumet
Xom
Zin
The Shining One


Innate Abilities, Weirdness & Mutations

Your plain brown scales are hard. (AC +5)
You cannot fit into any form of body armour.
You are cold-blooded and may be slowed by cold attacks.
You possess an exceptional clarity of mind.
You are frail. (-10% HP)


Message History

You hit the ogre.
The ogre is almost dead.
The ogre misses you.
You hit the ogre.
You kill the ogre!
That felt strangely unrewarding.
You hit the ogre. You tail-slap the ogre.
The ogre is moderately wounded.
The ogre hits you with a giant spiked club.
You completely miss the ogre.
The ogre is moderately wounded.
You hit the ogre.
The ogre is heavily wounded.
The ogre closely misses you.
You hit the ogre but do no damage.
The ogre is heavily wounded.
The ogre hits you with a giant spiked club!!
Ouch! That really hurt!
You die...
Your body disappears without a glow.

#.# #.##.#
#.#####.##.#####
...............# #####.#
#.##...†.. ...#.#
#.##.###..
###.####.#.#####.##.###..
.........................
########.#.#####.#.####..
#@#.# ....... #..
###O#.###.#.#.#####.
#######...................
:...........#.#.#.#.#####.
#######[#.........#.##....
...............#####.
###.#.###.#.. ........
..... .# # ####. #..... #
#.#.#####.


You could see an ogre.

Vanquished Creatures
  An ogre (D:4)
  A howler monkey (D:4)
  Jessica (D:2)
  A worker ant (D:4)
  An iguana (D:3)
  A howler monkey skeleton (D:4)
  2 adders
  4 oozes
  A dart slug (D:3)
  A leopard gecko (D:3)
  2 orcs (D:4)
  A giant cockroach (D:1)
  6 goblins
  4 hobgoblins
  9 jackals
  7 kobolds
  A quokka (D:2)
  2 ball pythons
  4 bats
  4 frilled lizards
  4 rats
58 creatures vanquished.

Notes
Turn   | Place    | Note
-------+----------+-------------------------------------------
     0 | D:1      | ScottishVillain the Draconian Wanderer began the quest for the Orb.
     0 | D:1      | ScottishVillain set off with: a Young Poisoner's Handbook, a +0 spear, a potion of lignification, a +0 dagger, a bread ration
     0 | D:1      | Reached XP level 1. HP: 17/17 MP: 3/3
     2 | D:1      | Learned a level 1 spell: Sting
   521 | D:1      | Reached skill level 3 in Stealth
   560 | D:1      | Reached XP level 2. HP: 11/24 MP: 5/5
  1294 | D:1      | Reached XP level 3. HP: 30/30 MP: 6/6
  1661 | D:2      | Noticed Jessica
  1753 | D:2      | Killed Jessica
  1889 | D:2      | Found a snail-covered altar of Cheibriados.
  1927 | D:2      | Reached skill level 1 in Dodging
  1927 | D:2      | Reached XP level 4. HP: 35/37 MP: 8/8
  2010 | D:2      | Found a glowing silver altar of Zin.
  2105 | D:3      | Found an iron altar of Okawaru.
  2109 | D:3      | Became a worshipper of Warmaster Okawaru
  2435 | D:3      | Reached skill level 1 in Conjurations
  2765 | D:3      | Reached XP level 5. HP: 41/42 MP: 9/9
  2823 | D:4      | Reached skill level 1 in Slings
  2825 | D:4      | Gained mutation: You are frail. (-10% HP) [potion of mutation]
  2825 | D:4      | Gained mutation: You possess an exceptional clarity of mind. [potion of mutation]
  3145 | D:4      | HP: 1/37 [orc/club (3)]
  3669 | D:4      | Found a staircase to the Ecumenical Temple.
  3671 | D:4      | Got a crystal spear
  3749 | Temple   | Entered the Ecumenical Temple
  3839 | Temple   | Fell from the grace of Okawaru
  3839 | Temple   | Became a worshipper of Nemelex Xobeh the Trickster
  3926 | D:4      | Received a gift from Nemelex Xobeh
  3976 | D:4      | Noticed an ogre
  3976 | D:4      | Noticed an ogre
  3994 | D:4      | Killed an ogre
  3998 | D:4      | Mangled by an ogre

Skill      XL: |  1  2  3  4  5 |
---------------+----------------+-----
Stealth        | 3 |  3.8
Dodging        | 1 |  1.9
Conjurations   | 1 |  1.0
Slings         | 1 |  1.2
Fighting       | |  2.4
Short Blades   | |  0.6
Polearms       | |  1.8
Throwing       | |  0.1
Shields        | |  1.0
Unarmed Combat | |  0.8
Spellcasting   | |  2.9
Poison Magic   | |  1.3

Action                   |  1- 3 |  4- 6 || total
-------------------------+-------+-------++-------
Melee: Spear             |   106 |   112 ||   218
       Tailslap          |    17 |    23 ||    40
       Dagger            |    14 |    25 ||    39
       Unarmed           |     8 |       ||     8
 Fire: Hunting sling     |    14 |     9 ||    23
Throw: Stone             |       |     4 ||     4
 Cast: Sting             |    21 |     5 ||    26
Evoke: Wand              |       |     3 ||     3
  Use: Scroll            |     2 |     6 ||     8
       Potion            |     2 |     1 ||     3
 Stab: Sleeping          |     3 |     2 ||     5
  Eat: Chunk             |     4 |     1 ||     5
       Fruit             |       |     6 ||     6
Armor: Skin              |    89 |    26 ||   115
Dodge: Dodged            |   114 |    94 ||   208
